Map: Efflorescence LE

Players

qqq

  • Race: Protoss Protoss
  • Spawn Location: 3:00

Massa

  • Race: Terran Terran
  • Spawn Location: 12:00

NoBansheeRus - Winner!

  • Race: Terran Terran
  • Spawn Location: 9:00

JudgeFrollo - Winner!

  • Race: Protoss Protoss
  • League: Platinum
  • Spawn Location: 6:00

VOD

Have the link to the VOD?

Description

Time

  • Played on: June 20, 2020, 3:47 a.m.
  • Length: 5:10
Show
View Real Time Build Order
Export as new Build Order

qqq Protoss 

Build Orders:  

Get SALT Encoding   

  12  0:03  Probe  
  13  0:17  Pylon  
  13  0:25  Probe  
  14  0:37  Forge  
  14  0:55  Probe  
  15  1:04  Pylon  
  15  1:09  Probe  
  16  1:23  Gateway  
  16  1:28  Photon Cannon  
  16  1:33  Probe  
  17  1:45  Probe  
  18  1:49  Pylon  
  18  2:07  Photon Cannon  
  18  2:12  Photon Cannon  
  18  2:18  Photon Cannon  
  18  2:20  Pylon  
  18  2:29  Photon Cannon  
  18  2:38  Photon Cannon  
  18  2:42  Photon Cannon  
  18  2:50  Photon Cannon  
  18  2:58  Pylon  
  18  3:08  Cybernetics Core  
  18  3:15  Pylon  
  18  3:26  Photon Cannon  
  18  3:40  Photon Cannon  
  18  3:48  Assimilator  
  18  3:50  Probe  
  18  3:52  Assimilator  
  19  4:02  Probe  
  20  4:14  Probe  
  21  4:22  Photon Cannon  
  21  4:25  Shield Battery  
  21  4:26  Probe  
  21  4:27  Photon Cannon  
  22  4:38  Probe  
  23  4:49  Stargate  
  23  4:50  Probe  
Show
View Real Time Build Order
Export as new Build Order

Massa Terran 

Build Orders:  

Get SALT Encoding   

  12  0:10  Supply Depot  
  12  0:14  SCV  
  13  0:26  SCV  
  14  0:35  Barracks  
  14  0:39  SCV  
  15  0:51  SCV  
  15  0:54  Supply Depot  
  16  1:03  SCV  
  17  1:29  Marine  
  17  1:31  SCV  
  19  1:39  Command Center  
  19  1:46  Marine  
  20  1:56  Refinery  
  20  1:57  Orbital Command  
  20  2:14  Marine  
  21  2:26  SCV  
  22  2:31  Marine  
  23  2:38  SCV  
  23  2:39  Engineering Bay  
  22  3:18  SCV  
  23  3:23  Barracks  
  23  3:29  Factory  
  23  3:30  SCV  
  23  3:32  Barracks  
  23  3:33  Barracks  
  24  3:38  Refinery  
  24  3:42  SCV  
  24  3:45  SCV  
  26  3:54  SCV, Barracks Tech Lab  
  27  3:57  SCV  
  27  4:01  Missile Turret  
  28  4:06  SCV  
  30  4:10  SCV  
  30  4:12  Barracks Reactor  
  30  4:14  Factory Tech Lab  
  30  4:18  SCV  
  30  4:21  Barracks Tech Lab  
  30  4:22  SCV  
  30  4:23  Barracks Reactor  
  32  4:30  SCV  
  33  4:34  SCV  
  34  4:42  SCV  
  35  4:46  SCV  
  35  4:49  Marine x2  
  41  4:54  SCV  
Show
View Real Time Build Order
Export as new Build Order

NoBansheeRus Terran - Winner!

Build Orders:  

Get SALT Encoding   

  12  0:01  SCV  
  13  0:13  SCV  
  14  0:18  Supply Depot  
  14  0:29  SCV  
  15  0:37  Refinery  
  15  0:41  SCV  
  16  0:47  Barracks  
  16  1:15  Barracks  
  16  1:28  SCV  
  17  1:40  SCV, Reaper  
  19  1:47  Supply Depot  
  19  1:52  SCV  
  20  2:04  SCV  
  20  2:07  Barracks Reactor  
  20  2:22  Orbital Command  
  20  2:24  Factory  
  20  2:26  Marine, Supply Depot  
  22  2:44  Reaper  
  22  2:49  SCV  
  23  2:53  Marine  
  23  2:54  Refinery  
  24  3:01  SCV  
  25  3:11  Marine  
  26  3:16  Factory Tech Lab  
  26  3:18  SCV  
  27  3:20  Reaper  
  27  3:21  Reaper  
  29  3:30  SCV  
  30  3:42  SCV  
  30  3:43  Siege Tank  
  34  3:54  SCV, Reaper x2  
  37  3:56  Command Center  
  36  4:26  Reaper  
Show
View Real Time Build Order
Export as new Build Order

JudgeFrollo Protoss - Winner!

Build Orders:  

Get SALT Encoding   

  12  0:01  Probe  
  13  0:14  Pylon  
  13  0:18  Probe  
  14  0:33  Probe, Gateway  
  14  0:41  Probe  
  15  0:49  Assimilator  
  16  1:05  Probe  
  17  1:13  Probe  
  18  1:21  Cybernetics Core  
  18  1:22  Probe  
  19  1:32  Zealot  
  21  1:34  Assimilator  
  21  1:35  Probe  
  22  2:05  Pylon  
  22  2:14  Stalker  
  22  2:29  Gateway  
  24  2:32  Gateway  
  24  2:38  Warp Gate  
  24  2:50  Stalker  
  26  3:08  Pylon  
  25  3:19  Stalker  
  25  3:31  Nexus  
  24  3:49  Stalker  
  24  4:15  Stalker  
  24  4:30  Probe  
  21  4:42  Probe  
  21  4:43  Stalker x2  
  26  4:54  Probe  
  27  5:04  Stalker  
  30  5:10  Assimilator  
Tags
 
Add a new tag
Caveats
  • Supply blocks, unpowered buildings, or Contaminate may cause inaccurate times.
  • Supply counts are checked every 10 seconds.